 Dungeon Crawl Stone Soup version 0.31-a0-986-g5e6e4ef867 (webtiles) character file.

Game seed: 4999869705121595078

4899 hikkokomori the Fighter (level 10, -8/90 HPs)
             Began as a Hill Orc Fire Elementalist on Nov 4, 2023.
             Was an Initiate of Gozag.
             Mangled by a death yak (25 damage)
             ... on level 7 of the Dungeon.
             The game lasted 00:23:29 (8838 turns).

hikkokomori the Fighter (HOFE)                      Turns: 8838, Time: 00:23:30

Health: -8/90      AC:  9    Str: 14    XL:     10   Next: 51%
Magic:  7/18       EV: 15    Int: 17    God:    Gozag
Gold:   176        SH:  0    Dex: 11    Spells: 6/19 levels left

rFire   + . .        A - +0 lajatang (speed)
rCold   . . .        (shield currently unavailable)
rNeg    . . .        K - +3 ring mail {rF+}
rPois   .            t - +0 helmet
rElec   .            (no cloak)
rCorr   +            (no gloves)
SInv    .            (no boots)
Will    .....        (no amulet)
Stlth   +            v - +5 ring of evasion
HPRegen 0.35/turn    B - ring of resist corrosion
MPRegen 0.16/turn

%: no passive effects
@: gold aura, studying Polearms
A: no striking features
a: Renounce Religion, Potion Petition, Call Merchant, Bribe Branch


You were on level 7 of the Dungeon.
You worshipped Gozag.
Gozag was aware of your devotion.
You visited 2 branches of the dungeon, and saw 9 of its levels.

You collected 335 gold pieces.
You spent 33 gold pieces at shops.
You paid 126 gold pieces to Gozag.

Inventory:

Hand Weapons
 e - a +1 dagger of venom
 f - a +0 short sword
 j - a +0 dagger
 p - a +1 dagger of flaming
 q - a +0 morningstar
 w - a +0 dagger of freezing
 A - a +0 lajatang of speed (weapon)
Missiles
 J - a throwing net
Armour
 h - an orb of mayhem
 t - a +0 helmet (worn)
 C - a +2 robe of fire resistance
 F - the +7 chain mail of the Land of Plenty {Rampage rPois Str+4 Slay+3}
   (You found it on level 5 of the Dungeon)

   Str+4:     It affects your strength (+4).
   Slay+3:    It affects your accuracy & damage with ranged weapons and melee
   (+3).
   rPois:     It protects you from poison Rampage: It bestows one free step when
   moving towards enemies.
 I - a +0 kite shield
 K - a +3 ring mail of fire resistance (worn)
Magical Staves
 E - a staff of poison
Jewellery
 a - the ring of Weucedie {rPois rN++ AC+4}
   (You took it off a centaur on level 6 of the Dungeon)

   [ring of protection]

   AC+4:      It affects your AC (+4).
   rPois:     It protects you from poison rN++: It greatly protects you from
   negative energy.
 v - a +5 ring of evasion (left hand)
 B - a ring of resist corrosion (right hand)
 H - a ring of magical power
Talismans
 g - a granite talisman
 n - a blade talisman
Wands
 L - a wand of quicksilver (9)
Scrolls
 i - 2 scrolls of amnesia
 k - 3 scrolls of noise
 s - 2 scrolls of poison
 y - a scroll of fear
 D - a scroll of teleportation
Potions
 b - a potion of magic
 c - 2 potions of attraction {unknown}
 d - 2 potions of degeneration
 l - 2 potions of brilliance {unknown}
 m - 2 potions of curing
 o - 8 potions of heal wounds
 r - 2 potions of mutation
 u - a potion of ambrosia {unknown}
 x - 2 potions of lignification
 z - a potion of berserk rage {unknown}
 G - a potion of haste {unknown}


   Skills:
 * Level 8.5 Fighting
 * Level 5.5 Staves
 - Level 1.5 Dodging
 - Level 2.5 Stealth
 + Level 5.4 Spellcasting
 + Level 2.3 Conjurations
 - Level 4.0 Fire Magic
 + Level 1.6 Ice Magic
 + Level 1.5 Air Magic
 - Level 7.5 Poison Magic


You had 6 spell levels left.
You knew the following spells:

 Your Spells              Type           Power      Damage    Failure   Level
a - Foxfire               Conj/Fire      60%        2x1d7     8%          1
b - Mephitic Cloud        Conj/Pois/Air  17%        N/A       19%         3
c - Olgreb's Toxic Radia  Pois           30%        N/A       13%         4
d - Freezing Cloud        Conj/Ice/Air   5%         6-21      98%         5

Your spell library contained the following spells:

 Spells                   Type           Power      Damage    Failure   Level
 Sting                    Tmut/Pois      68%        1d6       6%          1
 Poisonous Vapours        Pois/Air       38%        N/A       7%          2
 Scorch                   Fire           36%        2d6       9%          2
 Magic Dart               Conj           48%        1d5       11%         1
 Searing Ray              Conj           24%        2d5       16%         2
 Apportation              Tloc           8%         N/A       28%         1
 Necrotise                Necr           16%        1d4       28%         1
 Slow                     Hex            16%        N/A       28%         1
 Summon Small Mammal      Summ           16%        N/A       28%         1
 Inner Flame              Hex/Fire       11%        N/A       36%         3
 Volatile Blastmotes      Fire/Tloc      22%        2d11      36%         3
 Stone Arrow              Conj/Erth      16%        3d8       45%         3
 Flame Wave               Conj/Fire      15%        2d7       58%         4
 Confusing Touch          Hex            4%         N/A       63%         3
 Sigil of Binding         Hex            4%         N/A       63%         3
 Vampiric Draining        Necr           4%         2d6       63%         3
 Fulminant Prism          Conj/Hex       4%         3d5       86%         4
 Animate Armour           Summ/Erth      8%         N/A       95%         4
 Lehudib's Crystal Spear  Conj/Erth      4%         10d3      100%        8


Dungeon Overview and Level Annotations

Branches:
Dungeon (8/15)             Temple (1/1) D:7            Lair (0/5) D:8

Altars:
Ashenzari
Dithmenos
Elyvilon
Fedhas
Gozag
Hepliaklqana
Kikubaaqudgha
Makhleb
Nemelex Xobeh
Ru
Sif Muna
Trog
Uskayaw
Vehumet
Wu Jian
Xom
Yredelemnul
Zin
The Shining One

Shops:
D:1 :*


Message History

Casting: Olgreb's Toxic Radiance (dangerous; 13% risk of failure)
Confirm with . or Enter, or press ? or * to list all spells.
You begin to radiate toxic energy.
The death yak looks even sicker.
The yak looks even sicker.
The death yak gores you! The yak gores you.
Unknown command.
Okay, then.
You hit the yak.
The yak is moderately wounded.
The yak looks even sicker.
The death yak closely misses you. The yak gores you.
* * * LOW HITPOINT WARNING * * *
Unknown command.
Unknown command.
You slash the yak!
The yak is severely wounded.
The death yak barely misses you.
Unknown command.
You slash the yak!
You kill the yak!
Unknown command.
You hit the death yak but do no damage.
The death yak is moderately wounded.
Your toxic aura wanes.
The death yak barely misses you.
Casting: Olgreb's Toxic Radiance (dangerous; 13% risk of failure)
Confirm with . or Enter, or press ? or * to list all spells.
You begin to radiate toxic energy.
The death yak looks even sicker.
The death yak looks as sick as possible!
The death yak misses you.
Unknown command.
You barely miss the death yak.
The death yak is heavily wounded.
The death yak looks as sick as possible!
The death yak gores you!
* * * LOW HITPOINT WARNING * * *
You slash the death yak!
The death yak is severely wounded.
Your toxic aura wanes.
The death yak gores you!!
You die...
Your body crumbles into a pile of gold.

#........#....#.#
#....8...#._..#.#
#....##.##....#.#
#.....####⌠.⌠.#.#
#......#####'##..
##...............#
##.............####
#$Y.######.....#
#.@.# #.....# #...#
#.....# #####
#.....# #.....####
#####..... #.####
#..... #.#### #.#


You could see a death yak (extremely poisoned).

Vanquished Creatures
  2 death yaks
  Pikel (D:6)
  Sigmund (D:6)
  3 yaks
  Eustachio (D:4)
  2 vampire mosquitoes (D:7)
  Menkaure (D:5)
  A water moccasin (D:7)
  Duvessa (D:5)
  2 black bears
  A sky beast (D:7)
  An ice beast (D:4)
  3 ogres
  3 centaurs
  2 lemures (D:6)
  A kobold brigand (D:7)
  2 bullfrogs (D:6)
  A gnoll sergeant (D:6)
  2 scorpions (D:5)
  Dowan (D:5)
  2 howler monkeys
  5 hounds
  A jelly (D:7)
  2 orc priests
  Natasha (thrice) (D:3)
  2 iguanas
  An orc wizard (D:6)
  A sleepcap (D:7)
  Robin (D:3)
  5 adders
  4 gnolls (D:6)
  3 shadow imps
  A white imp (D:6)
  A worm (D:5)
  3 dart slugs (D:1)
  27 orcs
  11 ball pythons
  4 bats
  9 endoplasms
  5 giant cockroaches
  12 hobgoblins
  4 jackals
  6 quokkas
  3 frilled lizards
  17 goblins
  9 kobolds
  7 rats
181 creatures vanquished.

Vanquished Creatures (others)
  176 foxfires
176 creatures vanquished.

Grand Total: 357 creatures vanquished

Notes
Turn   | Place    | Note
-------+----------+-------------------------------------------
     0 | D:1      | hikkokomori the Hill Orc Fire Elementalist began the quest
                  | for the Orb.
     0 | D:1      | Reached XP level 1. HP: 14/14 MP: 3/3
    26 | D:1      | Found a faded altar of an unknown god.
   240 | D:1      | Reached XP level 2. HP: 16/22 MP: 0/4
   260 | D:1      | Found Ompuq's Book Emporium.
   387 | D:1      | Reached skill level 1 in Fighting
   428 | D:1      | HP: 1/23 [quokka (3)]
   695 | D:1      | Found Veokhlu's Assorted Antiques.
   698 | D:1      | Bought a scroll labelled JEEZIZOCHY for 33 gold pieces
   719 | D:1      | Reached XP level 3. HP: 26/28 MP: 5/5
  1363 | D:2      | Learned a level 3 spell: Mephitic Cloud
  1499 | D:2      | Reached XP level 4. HP: 27/36 MP: 4/7
  1562 | D:2      | Reached skill level 2 in Fighting
  2361 | D:3      | Noticed Robin
  2940 | D:3      | Reached XP level 5. HP: 39/42 MP: 3/8
  2941 | D:3      | Killed Robin
  2942 | D:3      | Reached skill level 1 in Poison Magic
  3256 | D:3      | Noticed Natasha
  3264 | D:3      | Killed Natasha
  3407 | D:3      | Noticed Natasha
  3415 | D:3      | Killed Natasha
  3498 | D:3      | Noticed Natasha
  3509 | D:3      | Killed Natasha
  3510 | D:3      | Reached skill level 3 in Fighting
  3510 | D:3      | Reached XP level 6. HP: 41/51 MP: 7/9
  3516 | D:3      | Learned a level 4 spell: Olgreb's Toxic Radiance
  3725 | D:4      | Noticed a black bear
  3759 | D:4      | Noticed Eustachio
  3783 | D:4      | Killed Eustachio
  3784 | D:4      | Reached XP level 7. HP: 53/58 MP: 9/11
  3888 | D:4      | Reached skill level 4 in Fighting
  3963 | D:4      | Found an ornate altar of the Wu Jian Council.
  3963 | D:4      | Found a sparkling altar of Nemelex Xobeh.
  4164 | D:4      | Reached skill level 1 in Staves
  4429 | D:5      | Entered Level 5 of the Dungeon
  4558 | D:5      | Noticed Dowan
  4561 | D:5      | Noticed Duvessa
  4588 | D:5      | Killed Duvessa
  4589 | D:5      | Reached XP level 8. HP: 35/67 MP: 10/13
  4594 | D:5      | Killed Dowan
  4757 | D:5      | Reached skill level 5 in Fighting
  4875 | D:5      | Identified the +7 chain mail of the Land of Plenty {Rampage
                  | rPois Str+4 Slay+3}
  4885 | D:5      | Reached skill level 5 in Poison Magic
  5178 | D:5      | Noticed Menkaure
  5185 | D:5      | Killed Menkaure
  5857 | D:6      | Identified the ring of Weucedie {rPois rN++ AC+4}
  5866 | D:6      | Reached skill level 6 in Fighting
  5866 | D:6      | Reached XP level 9. HP: 69/75 MP: 15/15
  5928 | D:6      | Noticed Pikel
  6115 | D:6      | Killed Pikel
  6375 | D:6      | Noticed Sigmund
  6384 | D:6      | Killed Sigmund
  6822 | D:7      | Reached skill level 7 in Fighting
  7330 | D:7      | Reached skill level 5 in Spellcasting
  7651 | D:7      | Found a glowing golden altar of the Shining One.
  7663 | D:7      | Found a broken altar of Ashenzari.
  7665 | D:7      | Found a staircase to the Ecumenical Temple.
  7722 | D:7      | Reached XP level 10. HP: 54/86 MP: 17/17
  7740 | Temple   | Entered the Ecumenical Temple
  8241 | D:7      | Learned a level 5 spell: Freezing Cloud
  8285 | D:8      | Noticed a death yak
  8286 | D:8      | Found a staircase to the Lair.
  8286 | D:8      | Noticed a death yak
  8298 | D:8      | Noticed a death yak
  8307 | D:7      | Killed a death yak
  8308 | D:7      | Reached skill level 8 in Fighting
  8308 | D:7      | Reached skill level 5 in Staves
  8308 | D:7      | Reached skill level 1 in Ice Magic
  8308 | D:7      | Reached skill level 1 in Air Magic
  8470 | Temple   | Became a worshipper of Gozag Ym Sagoz the Greedy
  8720 | Temple   | Killed a death yak
  8838 | D:7      | Mangled by a death yak

Illustrated notes

Levels and vault maps discovered:
D:1:      minmay_arrival_pointy, layout_rooms, serial_corexii_hall,
          chequers_hall_statues_corner_a, chequers_hall_statues_y,
          basic_ecumenical_altar, serial_shops, shop,
          nicolae_shop_real_fake_doors
D:2:      minmay_inner_zag, layout_rooms, hangedman_decor_slide_cut,
          kennysheep_generic_room_9
D:3:      layout_rooms, uniq_robin, uniq_natasha
D:4:      layout_loops_cross, nicolae_overflow_two_pavilions, uniq_eustachio
D:5:      layout_loops_ring, skrybe_limestone_x, minmay_manual_mares,
          uniq_duvessa, uniq_menkaure
D:6:      layout_loops_corners, minmay_checkerbox, uniq_pikel, uniq_sigmund
D:7:      layout_basic, jmf_multi_god_temple, minmay_temple_entry_offerings
D:8:      layout_loops_cross, cheibrodos_worm_habitat, dpeg_lair_monsters,
          serial_shops, shop
Temple:   hellmonk_temple_of_storms

Skill      XL: |  1  2  3  4  5  6  7  8  9 10 |
---------------+-------------------------------+-----
Fighting       | 1 2 3 4 6 7 8 |  8.5
Stealth        | 2 |  2.5
Spellcasting   | 2 3 4 5 |  5.4
Fire Magic     | 4 |  4.0
Poison Magic   | 2 3 4 6 7 |  7.5
Staves         | 1 3 4 5 |  5.5
Ice Magic      | 1 |  1.6
Air Magic      | 1 |  1.5
Conjurations   | 2 |  2.3
Dodging        | |  1.5

Action                     |  1- 3 |  4- 6 |  7- 9 | 10-12 || total
---------------------------+-------+-------+-------+-------++-------
  Melee: Unarmed           |    13 |       |       |       ||    13
         Short sword       |    77 |    63 |       |       ||   140
         Punch             |     1 |     1 |       |       ||     2
         Dagger            |       |   132 |    16 |       ||   148
         Lajatang          |       |       |   310 |    25 ||   335
   Cast: Foxfire           |    46 |    67 |     2 |       ||   115
         Mephitic Cloud    |       |       |     9 |     3 ||    12
         Olgreb's Toxic Ra |       |       |     2 |     9 ||    11
  Evoke: Wand              |       |       |       |     1 ||     1
    Use: Scroll            |       |     8 |     7 |     2 ||    17
         Potion            |       |       |     2 |       ||     2
   Stab: Sleeping          |     3 |     1 |     2 |       ||     6
         Distracted        |       |     1 |       |       ||     1
         Confused          |       |       |     1 |       ||     1
 Armour: Robe              |    43 |   115 |    49 |       ||   207
         Chain mail        |       |       |    11 |       ||    11
         Ring mail         |       |       |    72 |    24 ||    96
         Skin              |       |       |    81 |       ||    81
  Dodge: Dodged            |    55 |   189 |   202 |    15 ||   461

Table legend: (Time is in decaauts)
 A = Elapsed time spent in this place.
 B = Non-inter-level travel time spent in this place.
 C = Inter-level travel time spent in this place.
 D = Time resting spent in this place.
 E = Time spent auto-exploring this place.
 F = Levels seen in this place.
 G = Mean time per level.
                   A        B        C        D        E       F      G
               +--------+--------+--------+--------+--------+-----+--------+
         Total |   8794 |   8062 |    732 |    888 |   5462 |   9 |  977.1 |
       Dungeon |   8556 |   7930 |    626 |    787 |   5462 |   8 | 1069.5 |
        Temple |    238 |    132 |    106 |    101 |      0 |   1 |  238.0 |
               +--------+--------+--------+--------+--------+-----+--------+

Top non-repeatable levels by time:
     D:7: 1719 daAuts
     D:2: 1531 daAuts
     D:6: 1229 daAuts
     D:5: 1125 daAuts
     D:1: 1078 daAuts
     D:3: 927 daAuts
     D:4: 898 daAuts
  Temple: 238 daAuts
     D:8: 45 daAuts
